 Dungeon Crawl Stone Soup version 0.29.1-1-gd02db6906a (webtiles) character file.

Game seed: 10601612523486967289

477 Descartes the Ducker (level 6, -1/26 HPs)
             Began as a Felid Wanderer on Oct 15, 2022.
             Slain by a lemure (9 damage)
             ... led by Pikel
             ... on level 4 of the Dungeon.
             The game lasted 00:15:09 (6214 turns).

Descartes the Ducker (Felid Wanderer)               Turns: 6214, Time: 00:15:10

Health: -1/26      AC:  2    Str:  8    XL:     6   Next: 85%
Magic:  2/10       EV: 20    Int: 15    God:
Gold:   234        SH:  0    Dex: 16    Spells: 8/9 levels left
                                        Lives:  0   Deaths: 1

rFire   . . .      SeeInvis +     - Unarmed
rCold   . . .      Faith    .   (shield unavailable)
rNeg    . . .      Spirit   .   (body armour unavailable)
rPois   +          Reflect  .   (helmet unavailable)
rElec   .          Harm     .   (cloak unavailable)
rCorr   .          Rampage  .   (gloves unavailable)
Will    .....                   (boots unavailable)
Stlth   +++.......              (no amulet)
HPRegen 0.08/turn               e - ring of poison resistance
MPRegen 0.12/turn               (no ring)

@: very slightly contaminated, quick
A: very small, claws 1, fangs 3, see invisible, speed 1, shaggy fur 2, stealthy
paws, no weapons or thrown items, no armour, multi-lived, antennae 1
a: no special abilities


You were on level 4 of the Dungeon.
You visited 2 branches of the dungeon, and saw 6 of its levels.

You collected 234 gold pieces.

Inventory:

Jewellery
 e - a ring of poison resistance (left paw)
 m - an amulet of faith
Scrolls
 a - 3 scrolls of teleportation
 c - a scroll of amnesia {unknown}
 d - 5 scrolls of identify (quivered) {unknown}
 i - 2 scrolls of blinking {unknown}
 k - 2 scrolls of noise {unknown}
 n - 3 scrolls of poison {unknown}
 o - 2 scrolls of vulnerability {unknown}
 t - a scroll of butterflies {unknown}
Potions
 b - a potion of invisibility {unknown}
 f - a potion of attraction {unknown}
 g - a potion of degeneration
 h - a potion of might {unknown}
 j - a potion of ambrosia {unknown}
 l - a potion of flight {unknown}
 p - a potion of heal wounds {unknown}
 q - a potion of cancellation {unknown}
 r - a potion of curing {unknown}
 s - a potion of haste {unknown}


   Skills:
 - Level 2.0 Fighting
 * Level 6.0 Dodging
 + Level 3.8 Stealth
 * Level 3.2 Unarmed Combat
 + Level 2.3 Spellcasting
 + Level 2.0 Conjurations
 + Level 2.5 Fire Magic
 - Level 1.5 Poison Magic
 - Level 2.1 Evocations


You had 8 spell levels left.
You knew the following spells:

 Your Spells              Type           Power      Damage    Failure   Level
a - Foxfire               Conj/Fire      32%        2x1d5     9%          1

Your spell library contained the following spells:

 Spells                   Type           Power      Damage    Failure   Level
 Magic Dart               Conj           28%        1d4       10%         1
 Searing Ray              Conj           14%        2d5       14%         2
 Freeze                   Ice            4%         1d3       22%         1
 Sandblast                Erth           2%         2d4       22%         1
 Conjure Flame            Conj/Fire      8%         6-21      26%         3
 Passwall                 Tmut/Erth      0%         N/A       32%         2
 Stone Arrow              Conj/Erth      8%         3d7       38%         3
 Frozen Ramparts          Ice            2%         1d1       54%         3
 Fulminant Prism          Conj/Hex       2%         3d6       80%         4
 Hailstorm                Conj/Ice       4%         3d4       80%         4


Dungeon Overview and Level Annotations

Branches:
Dungeon (5/15)             Temple (1/1) D:4

Altars:
Ashenzari
Cheibriados
Elyvilon
Fedhas
Gozag
Hepliaklqana
Makhleb
Nemelex Xobeh
Okawaru
Qazlal
Ru
Sif Muna
Trog
Uskayaw
Vehumet
Yredelemnul
Zin
The Shining One

Annotations:
D:3 Eustachio, Pikel


Innate Abilities, Weirdness & Mutations

You have sharp claws.
You have razor-sharp teeth.
You have supernaturally acute eyesight. (SInv)
You cover ground quickly. (Speed+)
You are covered in thick fur. (AC +2)
Your paws help you pounce on unaware monsters.
You are incapable of wielding weapons or throwing items.
You cannot wear armour.
You gain extra lives every three experience levels.
You have a pair of small antennae on your head.


Message History

The lemure completely misses you. The adder misses you.
Unknown command.
Casting: Foxfire (safe; 9% risk of failure)
Confirm with . or Enter, or press ? or * to list all spells.
You miscast Foxfire.
You are very lightly contaminated with residual magic.
Nothing appears to happen.
You feel sick.
The foxfire hits the lemure but does no damage.
The lemure is moderately wounded.
The foxfire hits the lemure.
The lemure is moderately wounded.
The adder bites you. The lemure completely misses you.
Casting: Foxfire (safe; 9% risk of failure)
Confirm with . or Enter, or press ? or * to list all spells.
You conjure some foxfire!
You feel sick. The adder closely misses you. The lemure misses you.
The adder bites you.
You scratch the adder. Your bite misses the adder.
The adder is severely wounded.
You feel sick.
You are no longer poisoned.
The foxfire hits the lemure.
The lemure is moderately wounded.
The foxfire hits the adder.
The adder is almost dead.
The lemure completely misses you. The adder bites you but does no damage.
You scratch the adder but do no damage. Your bite misses the adder.
The adder is almost dead.
The lemure hits you! The adder closely misses you.
Casting: Foxfire (safe; 9% risk of failure)
Confirm with . or Enter, or press ? or * to list all spells.
You conjure some foxfire!
The adder misses you. The lemure hits you but does no damage.
You completely miss the adder.
The adder is almost dead.
The foxfire hits the lemure.
The lemure is heavily wounded.
The foxfire hits the adder.
You kill the adder!
The lemure hits you!
You die...

#. #)# ..........## ##)##
##.
.............##...##....
...........8....>....8..
.............##...##....
..........##..##)##..# .
........#..##..#5#..# ..
##.....$†.##..##.....##..#
#........@5....#..8..#..##
#..........#..............
#.........>####...#.#####.
#..........# ##....######
#..........# ##....#....
#........## ##.....#....
#<......# #..♣.♣....|.
#######.####............
#)..##.♣.....♣.###


You could see a lemure.

Vanquished Creatures
  Grinder (D:5)
  An ogre (D:5)
  A necrophage (D:4)
  A hound (D:4)
  An orc priest (D:4)
  A gnoll bouda (D:5)
  An iguana (D:4)
  A gnoll (D:5)
  4 adders
  A shadow imp (D:3)
  An ufetubus (D:5)
  2 orcs (D:4)
  An endoplasm (D:4)
  3 giant cockroaches
  9 goblins
  4 hobgoblins
  6 kobolds
  3 quokkas
  2 ball pythons
  6 bats
  3 rats
53 creatures vanquished.

Vanquished Creatures (others)
  298 foxfires
  27 plants
325 creatures vanquished.

Grand Total: 378 creatures vanquished

Notes
Turn   | Place    | Note
-------+----------+-------------------------------------------
     0 | D:1      | Descartes the Felid Wanderer began the quest for the Orb.
     0 | D:1      | Descartes set off with the following items: a scroll of
                  | teleportation, a potion of mutation; and the following
                  | spell memorised: Foxfire; and the following spells
                  | available to memorise: Conjure Flame.
     0 | D:1      | Reached XP level 1. HP: 9/9 MP: 3/3
     9 | D:1      | Found a faded altar of an unknown god.
   574 | D:1      | Reached XP level 2. HP: 13/13 MP: 0/4
  1740 | D:3      | Reached skill level 1 in Unarmed Combat
  1740 | D:3      | Reached XP level 3. HP: 16/16 MP: 1/5
  1913 | D:3      | Reached skill level 1 in Conjurations
  2023 | D:3      | Found a blossoming altar of Fedhas.
  2959 | D:4      | Noticed Pikel
  2963 | D:4      | Noticed a lemure
  2963 | D:4      | Noticed a lemure
  2965 | D:4      | Noticed a lemure
  2987 | D:3      | Reached XP level 4. HP: 13/19 MP: 0/7
  3490 | D:3      | Gained mutation: You have a pair of small antennae on your
                  | head. [potion of mutation]
  3490 | D:3      | Gained mutation: You are covered in thick fur. (AC +2)
                  | [potion of mutation]
  3831 | D:4      | Noticed a necrophage
  3845 | D:4      | Killed a necrophage
  4166 | D:4      | Noticed Eustachio
  4475 | D:4      | Noticed a lemure
  4555 | D:4      | Noticed a phantom
  4642 | D:3      | Slain by a phantom
  4643 | D:3      | Reached XP level 3. HP: -1/16 MP: 6/6
  4697 | D:4      | Reached XP level 4. HP: 19/19 MP: 4/7
  4761 | D:4      | Noticed a phantom
  4818 | D:5      | Entered Level 5 of the Dungeon
  5060 | D:5      | Noticed Grinder
  5082 | D:5      | Paralysed by Grinder for 4 turns
  5097 | D:5      | Killed Grinder
  5098 | D:5      | Reached skill level 5 in Dodging
  5098 | D:5      | Reached skill level 1 in Poison Magic
  5098 | D:5      | Reached XP level 5. HP: 11/22 MP: 1/9
  5248 | D:5      | Mutation became permanent: You are covered in fur. (AC +1)
                  | [Felid growth]
  5248 | D:5      | Gained mutation: You are covered in thick fur. (AC +2)
                  | [Felid growth]
  5248 | D:5      | Reached XP level 6. HP: 26/26 MP: 6/10
  5848 | D:4      | Found a staircase to the Ecumenical Temple.
  5857 | Temple   | Entered the Ecumenical Temple
  6100 | D:4      | Reached skill level 6 in Dodging
  6214 | D:4      | Slain by a lemure

Illustrated notes

Levels and vault maps discovered:
D:1:      ncdulo_lavacross, layout_basic, basic_ecumenical_altar
D:2:      layout_rooms, minmay_pentomino_v2
D:3:      layout_loops_corners, overflow_temple_1_default, glass_columns_a
D:4:      layout_rooms, gammafunk_temple_overflow_wave,
          minmay_temple_entry_waves, grunt_ministairs_9, uniq_eustachio,
          uniq_pikel
D:5:      minmay_chambers_of_fours, layout_loops_ring, kennysheep_boxes,
          uniq_grinder, uniq_duvessa, uniq_menkaure
Temple:   nicolae_temple_bog_church

Skill      XL: |  1  2  3  4  5  6 |
---------------+-------------------+-----
Stealth        | 2 3 |  3.8
Unarmed Combat | 1 2 3 |  3.2
Conjurations   | 1 2 |  2.0
Dodging        | 5 6 |  6.0
Spellcasting   | 2 |  2.3
Fire Magic     | 2 |  2.5
Poison Magic   | 1 |  1.5
Fighting       | |  2.0
Evocations     | |  2.1

Action                   |  1- 3 |  4- 6 || total
-------------------------+-------+-------++-------
Melee: Unarmed           |    47 |    63 ||   110
       Bite              |     4 |     7 ||    11
 Cast: Foxfire           |    66 |   101 ||   167
  Use: Potion            |       |     2 ||     2
 Stab: Sleeping          |     1 |     1 ||     2
Armor: Skin              |     4 |    12 ||    16
Dodge: Dodged            |    53 |    93 ||   146
